 Dungeon Crawl Stone Soup version 0.30.0-5-g1a98f26d00 (webtiles) character file.

Game seed: 1740539296414454922

14 Jackthecabe the Vexing (level 2, 0/21 HPs)
             Began as a Demonspawn Hexslinger on May 9, 2023.
             Slain by a frilled lizard (1 damage)
             ... on level 1 of the Dungeon.
             The game lasted 00:00:54 (210 turns).

Jackthecabe the Vexing (Demonspawn Hexslinger)       Turns: 210, Time: 00:00:54

Health: 0/21       AC:  3    Str: 10    XL:     2   Next: 31%
Magic:  3/3        EV: 11    Int: 14    God:
Gold:   16         SH:  0    Dex: 13    Spells: 2/3 levels left

rFire   . . .        b - +0 spear
rCold   . . .        (no shield)
rNeg    . . .        f - +0 leather armour
rPois   .            (helmet restricted)
rElec   .            (no cloak)
rCorr   .            (no gloves)
SInv    .            (no boots)
Will    .....        (no amulet)
Stlth   +            (no ring)
HPRegen 0.23/turn    (no ring)
MPRegen 0.08/turn

%: no passive effects
@: no status effects
A: horns 1
a: no special abilities


You were on level 1 of the Dungeon.
You visited 1 branch of the dungeon, and saw 1 of its levels.

You collected 16 gold pieces.


Innate Abilities, Weirdness & Mutations

You have a pair of small horns on your head.


   Skills:
 - Level 1.0 Fighting
 + Level 2.7 Ranged Weapons
 - Level 1.7 Dodging
 - Level 1.0 Spellcasting
 - Level 3.0 Hexes


You had 2 spell levels left.
You knew the following spells:

 Your Spells              Type           Power      Damage    Failure   Level
s - Slow                  Hex            36%        N/A       11%         1

Your spell library contained the following spells:

 Spells                   Type           Power      Damage    Failure   Level
 Inner Flame              Hex/Fire       4%         N/A       50%         3
 Portal Projectile        Hex/Tloc       8%         N/A       50%         3
 Cause Fear               Hex            4%         N/A       71%         4

Inventory:

Hand Weapons
 a - a +1 sling
 b - a +0 spear (weapon)
 d - a +0 club
Armour
 c - a +0 robe
 f - a +0 leather armour (worn)
Scrolls
 e - a scroll of poison
 g - a scroll of immolation {unknown}
 h - a scroll of enchant armour {unknown}
 i - a scroll of summoning {unknown}

Dungeon Overview and Level Annotations

Branches:
Dungeon (1/15)

Altars:

.................
######..........
###..........
##............
######...#>........
#........##........
#(.......# ######.
##.....hg.#####
........>@l......
.?#############.. .


You could see a jackal, a hobgoblin and a frilled lizard.


Message History

You are too injured to fight recklessly!
You barely miss the jackal.
You headbutt the jackal, but do no damage.
The jackal is severely wounded.
The jackal bites you.
* * * LOW HITPOINT WARNING * * *
The frilled lizard barely misses you.
The hobgoblin hits you but does no damage.
The jackal closely misses you. The jackal barely misses you.
You hit the jackal.
The jackal is almost dead.
The jackal misses you. The frilled lizard bites you.
* * * LOW HITPOINT WARNING * * *
The hobgoblin closely misses you. The jackal barely misses you.
The jackal misses you.
The hobgoblin hits you but does no damage.
The frilled lizard barely misses you.
You hit the jackal.
You kill the jackal!
The jackal closely misses you. The frilled lizard barely misses you.
The hobgoblin hits you but does no damage.
The jackal attacks as you move away!
The jackal bites you but does no damage. x2
The hobgoblin hits you but does no damage.
The frilled lizard bites you.
* * * LOW HITPOINT WARNING * * *
You hit the frilled lizard.
The frilled lizard is heavily wounded.
The jackal closely misses you. The frilled lizard bites you.
You die...

Skill      XL: |  1 |
---------------+----+-----
Ranged Weapons | 2 |  2.7
Fighting       | |  1.0
Dodging        | |  1.7
Spellcasting   | |  1.0
Hexes          | |  3.0

Action                     || total
---------------------------++-------
  Melee: Spear             ||    27
         Headbutt          ||     6
   Fire: Sling             ||    10
 Armour: Leather armour    ||     9
  Dodge: Dodged            ||    31

Levels and vault maps discovered:
D:1:      nzn_arrival_crosshair, layout_rooms

Notes
Turn   | Place    | Note
-------+----------+-------------------------------------------
     0 | D:1      | Jackthecabe the Demonspawn Hexslinger began the quest for
                  | the Orb.
     0 | D:1      | Reached XP level 1. HP: 15/15 MP: 2/2
    53 | D:1      | Reached skill level 2 in Ranged Weapons
   110 | D:1      | Gained mutation: You have a pair of small horns on your
                  | head. [demonic ancestry]
   110 | D:1      | Reached XP level 2. HP: 20/21 MP: 3/3
   207 | D:1      | HP: 2/21 [frilled lizard (1)]
   210 | D:1      | Slain by a frilled lizard

Vanquished Creatures
  A dart slug (D:1)
  A bat (D:1)
  3 endoplasms (D:1)
  A giant cockroach (D:1)
  A jackal (D:1)
  A ball python (D:1)
  2 kobolds (D:1)
  A rat (D:1)
11 creatures vanquished.

Table legend: (Time is in decaauts)
 A = Elapsed time spent in this place.
 B = Non-inter-level travel time spent in this place.
 C = Inter-level travel time spent in this place.
 D = Time resting spent in this place.
 E = Time spent auto-exploring this place.
 F = Levels seen in this place.
 G = Mean time per level.
                   A        B        C        D        E       F      G
               +--------+--------+--------+--------+--------+-----+--------+
         Total |    215 |    215 |      0 |      0 |    109 |   1 |  215.0 |
       Dungeon |    215 |    215 |      0 |      0 |    109 |   1 |  215.0 |
               +--------+--------+--------+--------+--------+-----+--------+

Top non-repeatable levels by time:
     D:1: 215 daAuts

Table legend:
 A = Non-vault XP
 B = Vault XP
 C = Vault XP percentage of total XP
 D = Non-vault monster count
 E = Vault monster count
 F = Vault count percentage of total count
                 A         B        C        D         E       F
            +---------+---------+-------+---------+---------+-------
      Total |      21 |       0 |   0.0 |      11 |       0 |   0.0
            +---------+---------+-------+---------+---------+-------
        D:1 |      21 |       0 |   0.0 |      11 |       0 |   0.0
            +---------+---------+-------+---------+---------+-------
